 Dungeon Crawl Stone Soup version 0.30-a0-782-ge64f9170bb (webtiles) character file.

Game seed: 13876231411196620790

5621 Conn the Thaumaturge (level 10, -21/60 HPs)
             Began as an Octopode Fire Elementalist on Feb 20, 2023.
             Was a Follower of Sif Muna.
             Demolished by a shadow (34 damage)
             ... on level 9 of the Dungeon.
             The game lasted 00:27:46 (9742 turns).

Conn the Thaumaturge (Octopode Fire Elementalist)   Turns: 9742, Time: 00:27:47

Health: -21/60     AC:  1    Str:  7    XL:     10   Next: 73%
Magic:  7/23       EV: 14    Int: 27    God:    Sif Muna [*.....]
Gold:   299        SH:  0    Dex: 22    Spells: 14/27 levels left

rFire   + . .      SeeInvis .    A - +3 dagger "Yciuq" {flame, rF+ Will+ Dex+2}
rCold   . . .      Faith    .    (no shield)
rNeg    . . .      Spirit   .    (helmet restricted)
rPois   .          Reflect  .    (no amulet)
rElec   .          Harm     .    s - +6 ring of dexterity
rCorr   .          Rampage  .    e - ring of flight
Will    ++...                    g - ring of Sunlight {Will+ Int+6 Slay+3}
Stlth   ++++                     (no ring)
HPRegen 0.30/turn                (no ring)
MPRegen 0.18/turn                (no ring)
                                 (no ring)
                                 (no ring)

@: flying
A: almost no armour, amphibious, 8 rings, camouflage 1, gelatinous body 1,
(nimble swimmer 1), tentacles
a: Renounce Religion, Channel Magic


You were on level 9 of the Dungeon.
You worshipped Sif Muna.
Sif Muna was aware of your devotion.
You visited 2 branches of the dungeon, and saw 10 of its levels.

You collected 446 gold pieces.
You spent 147 gold pieces at shops.

Inventory:

Hand Weapons
 c - a +3 spear of pain
 t - a +2 dagger of speed
 A - the +3 dagger "Yciuq" (weapon) {flame, rF+ Will+ Dex+2}
   (You bought it in a shop on level 9 of the Dungeon)

   Dex:       It affects your dexterity (+2).
   rF:        It protects you from fire.
   Will:      It increases your willpower.
Missiles
 f - a throwing net
 z - a curare-tipped dart
Magical Staves
 r - a staff of air
Jewellery
 e - a ring of flight (right tentacle)
 g - the ring of Sunlight (on tentacle) {Will+ Int+6 Slay+3}
   (You found it on level 8 of the Dungeon)

   [ring of willpower]

   Int:       It affects your intelligence (+6).
   Slay:      It affects your accuracy & damage with ranged weapons and melee
   (+3).
   Will:      It increases your willpower.
 s - a +6 ring of dexterity (left tentacle)
Wands
 m - a wand of flame (11)
 v - a wand of polymorph (6)
 w - a wand of mindburst (8)
 y - a wand of paralysis (6)
Scrolls
 d - 3 scrolls of magic mapping
 h - 2 scrolls of blinking
 n - 3 scrolls of identify
 u - a scroll of enchant armour
Potions
 a - a potion of lignification
 b - a potion of might
 i - a potion of resistance
 j - 4 potions of curing
 l - 2 potions of flight
 o - a potion of brilliance {unknown}
 p - 2 potions of heal wounds
 q - a potion of magic
 x - a potion of haste


   Skills:
 + Level 2.0 Fighting
 + Level 0.1 Short Blades
 + Level 2.7 Polearms
 + Level 2.8 Dodging
 + Level 5.3 Stealth
 * Level 9.2 Spellcasting
 * Level 6.6 Conjurations
 + Level 1.3 Hexes
 + Level 8.8 Fire Magic
 * Level 2.0 Air Magic
 + Level 0.6 Poison Magic
 * Level 0.3 Invocations


You had 14 spell levels left.
You knew the following spells:

 Your Spells              Type           Power      Damage    Failure   Level
a - Foxfire               Conj/Fire      100%       2x1d9     1%          1
b - Mephitic Cloud        Conj/Pois/Air  29%        N/A       3%          3
c - Inner Flame           Hex/Fire       40%        N/A       1%          3
d - Flame Wave            Conj/Fire      53%        2d13      1%          4
e - Scorch                Fire           100%       2d10      1%          2

Your spell library contained the following spells:

 Spells                   Type           Power      Damage    Failure   Level
 Kindle Blastsparks       Fire/Tloc/Air  64%        2d15      3%          3
 Cigotuvi's Dreadful Rot  Necr/Pois/Air  34%        N/A       4%          2
 Poisonous Vapours        Pois/Air       38%        N/A       4%          2


Dungeon Overview and Level Annotations

Branches:
Dungeon (9/15)             Temple (1/1) D:6             Orc (0/2) D:9
   Lair: D:8-11

Altars:
Ashenzari
Cheibriados
Dithmenos
Fedhas
Ru
Sif Muna
Trog
Wu Jian
Xom
The Shining One

Shops:
D:9 (


Innate Abilities, Weirdness & Mutations

You cannot wear most types of armour.
You are amphibious.
You can wear up to eight rings at the same time.
Your skin changes colour to match your surroundings (Stealth+).
Your rubbery body absorbs attacks. (AC +1, EV +1)
((You are camouflaged when in or above water. (Stealth+)))
You have tentacles for arms and can constrict up to eight enemies at once.


Message History

The gnoll is burned terribly!
You kill the gnoll!
Sif Muna accepts your kill.
The foxfire hits the orc zombie!
You destroy the orc zombie!
Sif Muna accepts your kill.
The shadow slips into darkness.
The shadow flickers and vanishes!
Deactivating autopickup; reactivate with Ctrl-A.
The troll is engulfed in noxious fumes.
The troll appears confused.
Casting: Scorch (safe; 1% risk of failure)
Confirm with . or Enter, or press ? or * to list all spells.
Flames lash the troll.
The troll is almost dead.
The troll's fire resistance burns away.
You hear a shout!
A gnoll sergeant comes into view. It is wielding a +1 spear of venom.
Casting: Scorch (safe; 1% risk of failure)
Confirm with . or Enter, or press ? or * to list all spells.
You conjure some foxfire!
Unknown command.
Casting: Foxfire (safe; 1% risk of failure)
Confirm with . or Enter, or press ? or * to list all spells.
Casting: Flame Wave (dangerous; 1% risk of failure)
Press: ? - help, Dir - look around, f - activate A wave of flame ripples out!
The flame wave engulfs your foxfire.
Your foxfire completely resists.
The flame wave engulfs your foxfire.
Your foxfire completely resists.
The flame wave engulfs the troll!
The troll is burned terribly!
You kill the troll!
Sif Muna accepts your kill. (Press . to intensify the flame waves.)
The foxfire hits something. x2
A gnoll comes into view. It is wielding a +0 whip.
Your Air Magic skill increases to level 2!
A wave of flame ripples out!
The flame wave engulfs something!!
The shadow strikes at you from the darkness!
Ouch! That really hurt!
You die...

#...#...........
#...#...........
#...#/.........
#...#.....g.... #..
#(....g#########
#####.###.....g#........
#.............).........
##...####...............
...8....#.......@.......
....Z...#.##############
....Z..Z#.# ........#.#
..# .......?..# ....#
...Z...Z..# ....+
...>...8..#.....#
........).#.....#
..........##....#


You could see a gnoll sergeant and 2 gnolls.

Vanquished Creatures
  A two-headed ogre (D:9)
  Psyche (D:8)
  A troll (D:9)
  Prince Ribbit (D:9)
  A hornet (D:9)
  A wyvern (D:9)
  A shadow (D:9)
  4 yaks
  An ice beast (D:6)
  A water moccasin (D:9)
  4 orc warriors
  3 black bears
  An ogre (D:6)
  2 centaurs
  2 phantoms
  3 kobold brigands
  A gnoll sergeant (D:9)
  4 bullfrogs
  A necrophage (D:8)
  3 wights (D:7)
  A troll zombie (D:9)
  A howler monkey (D:8)
  3 jellies
  A hound (D:6)
  12 orc priests
  Jessica (D:2)
  A gnoll bouda (D:7)
  2 iguanas
  Natasha (thrice) (D:2)
  9 orc wizards
  4 ogre zombies (D:9)
  13 gnolls
  2 adders
  A shadow imp (D:6)
  3 white imps
  2 ufetubi
  3 worms
  3 dart slugs (D:2)
  40 orcs
  4 bats
  7 endoplasms
  3 giant cockroaches
  8 goblins
  3 hobgoblins
  3 quokkas
  7 ball pythons
  5 frilled lizards
  3 goblin zombies (D:9)
  2 hobgoblin zombies (D:9)
  17 kobolds
  2 orc skeletons (D:9)
  8 orc zombies (D:9)
  6 rats
220 creatures vanquished.

Vanquished Creatures (others)
  617 foxfires
617 creatures vanquished.

Grand Total: 837 creatures vanquished

Notes
Turn   | Place    | Note
-------+----------+-------------------------------------------
     0 | D:1      | Conn the Octopode Fire Elementalist began the quest for the
                  | Orb.
     0 | D:1      | Reached XP level 1. HP: 11/11 MP: 3/3
   222 | D:1      | Reached XP level 2. HP: 17/17 MP: 0/5
   582 | D:1      | Reached XP level 3. HP: 19/21 MP: 6/6
   913 | D:2      | Noticed Natasha
   920 | D:2      | Killed Natasha
   924 | D:2      | Learned a level 2 spell: Scorch
   928 | D:2      | Learned a level 3 spell: Inner Flame
  1035 | D:2      | Reached XP level 4. HP: 27/27 MP: 4/7
  1133 | D:2      | Noticed Jessica
  1134 | D:2      | Killed Jessica
  1135 | D:2      | Reached skill level 1 in Polearms
  1333 | D:2      | Reached XP level 5. HP: 32/32 MP: 2/8
  1524 | D:2      | Noticed Natasha
  1529 | D:2      | Killed Natasha
  1673 | D:2      | Noticed Natasha
  1676 | D:2      | Killed Natasha
  1842 | D:2      | Reached skill level 1 in Fighting
  2338 | D:3      | Reached skill level 3 in Spellcasting
  2609 | D:3      | Reached XP level 6. HP: 22/38 MP: 10/10
  2804 | D:3      | Found a sacrificial altar of Ru.
  3580 | D:5      | Entered Level 5 of the Dungeon
  3609 | D:5      | Noticed a black bear
  3616 | D:5      | Killed a black bear
  3906 | D:5      | Noticed a black bear
  3915 | D:5      | Killed a black bear
  3916 | D:5      | Reached XP level 7. HP: 43/43 MP: 6/12
  4140 | D:5      | Reached skill level 5 in Fire Magic
  4278 | D:5      | Reached skill level 4 in Spellcasting
  5054 | D:6      | Reached XP level 8. HP: 48/48 MP: 4/15
  5226 | D:6      | Reached skill level 5 in Spellcasting
  5457 | D:6      | Found a staircase to the Ecumenical Temple.
  5847 | D:7      | Reached skill level 6 in Spellcasting
  6197 | D:7      | Reached skill level 5 in Stealth
  6376 | D:7      | Reached XP level 9. HP: 27/53 MP: 16/19
  7236 | D:8      | Reached skill level 7 in Spellcasting
  7249 | D:8      | Noticed Psyche
  7252 | D:8      | Killed Psyche
  7645 | D:8      | Reached skill level 5 in Conjurations
  7914 | D:7      | Learned a level 4 spell: Flame Wave
  7986 | D:8      | Identified the ring of Sunlight {Will+ Int+6 Slay+3}
  8037 | D:8      | Learned a level 3 spell: Mephitic Cloud
  8416 | Temple   | Entered the Ecumenical Temple
  8461 | Temple   | Became a worshipper of Sif Muna the Loreminder
  8513 | D:6      | Reached XP level 10. HP: 46/59 MP: 15/21
  8521 | D:6      | Reached skill level 8 in Spellcasting
  9039 | D:9      | Noticed a two-headed ogre
  9047 | D:9      | Killed a two-headed ogre
  9048 | D:9      | Reached skill level 1 in Air Magic
  9136 | D:9      | Reached * piety under Sif Muna
  9140 | D:9      | Reached skill level 1 in Hexes
  9274 | D:9      | Noticed Prince Ribbit
  9280 | D:9      | Killed Prince Ribbit
  9281 | D:9      | Reached skill level 9 in Spellcasting
  9417 | D:9      | Found Iblyt's Antique Weapon Emporium.
  9428 | D:9      | Bought a slimy dagger for 147 gold pieces
  9428 | D:9      | Identified the +3 dagger "Yciuq" {flame, rF+ Will+ Dex+2}
                  | (You bought it in a shop on level 9 of the Dungeon)
  9692 | D:9      | Found a staircase to the Orcish Mines.
  9742 | D:9      | Demolished by a shadow

Illustrated notes

Levels and vault maps discovered:
D:1:      minmay_arrival_stone_box, layout_loops_cross
D:2:      layout_loops_ring, uniq_natasha, uniq_jessica
D:3:      corexii_shack_village, layout_loops_ring, nicolae_ru_awakened_eye,
          kennysheep_crisscross
D:4:      layout_rooms
D:5:      layout_loops_cross
D:6:      layout_cave_pools, minmay_temple_entry_ruins
D:7:      layout_layer_cave
D:8:      layout_cave_pools, uniq_psyche
D:9:      layout_grid_maze, zombieorc2_lemuel, serial_shops,
          nicolae_diamond_shop, st_stairs_3, hangedman_decor_peaks_small,
          uniq_prince_ribbit1
Temple:   regret_index_temple_sphere_string

Skill      XL: |  1  2  3  4  5  6  7  8  9 10 |
---------------+-------------------------------+-----
Stealth        | 3 4 5 |  5.3
Polearms       | 1 2 |  2.7
Fire Magic     | 4 5 6 8 |  8.8
Fighting       | 1 2 |  2.0
Conjurations   | 2 3 5 6 |  6.6
Spellcasting   | 3 4 6 7 9 |  9.2
Air Magic      | 2 |  2.0
Hexes          | 1 |  1.3
Short Blades   | |  0.1
Dodging        | |  2.8
Poison Magic   | |  0.6
Invocations    | |  0.3

Action                     |  1- 3 |  4- 6 |  7- 9 | 10-12 || total
---------------------------+-------+-------+-------+-------++-------
  Melee: Spear             |    40 |    54 |    34 |     2 ||   130
         Tentacles         |     5 |     8 |     9 |     1 ||    23
         Constrict         |     8 |    12 |     4 |       ||    24
         Dagger            |       |       |    15 |     3 ||    18
   Cast: Foxfire           |    35 |    78 |   171 |    77 ||   361
         Scorch            |       |    20 |    52 |    17 ||    89
         Inner Flame       |       |       |     3 |     3 ||     6
         Mephitic Cloud    |       |       |     3 |     6 ||     9
         Flame Wave        |       |       |     3 |     6 ||     9
 Invoke: Channel Magic     |       |       |       |     1 ||     1
    Use: Scroll            |       |     4 |    10 |     1 ||    15
         Potion            |       |       |    11 |     1 ||    12
   Stab: Sleeping          |     6 |     6 |     1 |       ||    13
         Confused          |       |       |     1 |       ||     1
 Armour: Skin              |     7 |     1 |    30 |     3 ||    41
  Dodge: Dodged            |    25 |    18 |    30 |    16 ||    89

Table legend: (Time is in decaauts)
 A = Elapsed time spent in this place.
 B = Non-inter-level travel time spent in this place.
 C = Inter-level travel time spent in this place.
 D = Time resting spent in this place.
 E = Time spent auto-exploring this place.
 F = Levels seen in this place.
 G = Mean time per level.
                   A        B        C        D        E       F      G
               +--------+--------+--------+--------+--------+-----+--------+
         Total |   9718 |   9495 |    223 |    249 |   7059 |  10 |  971.8 |
       Dungeon |   9645 |   9450 |    195 |    249 |   7030 |   9 | 1071.7 |
        Temple |     73 |     45 |     28 |      0 |     29 |   1 |   73.0 |
               +--------+--------+--------+--------+--------+-----+--------+

Top non-repeatable levels by time:
     D:7: 1596 daAuts
     D:5: 1315 daAuts
     D:3: 1231 daAuts
     D:9: 1148 daAuts
     D:6: 1013 daAuts
     D:2: 1012 daAuts
     D:8: 988 daAuts
     D:1: 916 daAuts
     D:4: 423 daAuts
  Temple: 73 daAuts
